 Dungeon Crawl Stone Soup version 0.23.2-40-g277498a001 (webtiles) character file.

Game seed: 17772584017336768694

6125 H0rd4k the Slicer (level 11, 0/78 HPs)
             Began as a Human Artificer on Sept 13, 2019.
             Was an Initiate of Gozag.
             Slain by an acid dragon (3 damage)
             ... on level 8 of the Dungeon.
             The game lasted 00:20:00 (9646 turns).

H0rd4k the Slicer (Human Artificer)                 Turns: 9646, Time: 00:20:01

Health: 0/78       AC: 10    Str: 16    XL:     11   Next: 12%
Magic:  16/16      EV: 13    Int: 12    God:    Gozag
Gold:   351        SH:  0    Dex: 20    Spells: 10/10 levels left

rFire    . . .     SeeInvis .   b - +2 dagger (elec)
rCold    . . .     Gourm    .   (no shield)
rNeg     . . .     Faith    .   E - +5 scale mail "Seblotewi" {Dex+7}
rPois    +         Spirit   .   (no helmet)
rElec    .         Reflect  .   (no cloak)
rCorr    .         Harm     .   i - +1 pair of gloves
MR       .....                  v - +0 pair of boots
Stlth    ..........             (no amulet)
HPRegen  0.23/turn              u - +2 ring of protection
MPRegen  0.15/turn              C - ring of poison resistance

@: confused, about to teleport, corroded
A: no striking features
a: Potion Petition, Call Merchant, Bribe Branch, Renounce Religion


You were on level 8 of the Dungeon.
You worshipped Gozag.
Gozag was aware of your devotion.
You were not hungry.

You visited 2 branches of the dungeon, and saw 9 of its levels.
You also visited: Bailey.

You collected 500 gold pieces.
You paid 149 gold pieces to Gozag.

Inventory:

Hand Weapons
 a - a +1 short sword
 b - a +2 dagger of electrocution (weapon)
 e - a +0 mace
 k - a +1 vampiric short sword
 o - a +0 dagger of draining
 r - a +0 shortbow
Missiles
 q - 4 throwing nets (quivered)
Armour
 i - a +1 pair of gloves (worn)
 v - a +0 pair of boots (worn)
 y - a +1 leather armour of cold resistance
 E - the +5 scale mail "Seblotewi" (worn) {Dex+7}
   (You took it off an orc on level 5 of the Dungeon)

   It affects your dexterity (+7).
Jewellery
 u - a +2 ring of protection (left hand)
 w - an uncursed ring of ice
 C - a ring of poison resistance (right hand)
 D - a +3 ring of evasion
Wands
 d - a wand of enslavement (10)
 l - a wand of digging (5)
 m - a wand of flame (5)
Scrolls
 c - a scroll of teleportation
 j - 8 scrolls of remove curse
 p - 4 scrolls of magic mapping
 H - 4 scrolls of enchant weapon
Potions
 g - 2 potions of degeneration
 h - 3 potions of curing
 n - a potion of resistance {unknown}
 s - 3 potions of brilliance
 t - 4 potions of agility
 A - 2 potions of heal wounds {unknown}
 B - a potion of cancellation {unknown}
Comestibles
 f - 15 rations


   Skills:
 + Level 4.9 Fighting
 + Level 10.0 Short Blades
 + Level 6.5 Armour
 + Level 5.5 Dodging
 + Level 5.5 Stealth
 + Level 6.9 Evocations


You had 10 spell levels left.
You didn't know any spells.
Your spell library contained the following spells:

 Spells                   Type           Power        Failure   Level  Hunger
 Animate Skeleton         Necr           N/A          71%         1    ##.....
 Apportation              Tloc           #.....       71%         1    ##.....
 Confusing Touch          Hex            #.....       71%         1    ##.....
 Corona                   Hex            #......      71%         1    ##.....
 Flame Tongue             Conj/Fire      #....        71%         1    ##.....
 Magic Dart               Conj           #...         71%         1    ##.....
 Summon Small Mammal      Summ           #...         71%         1    ##.....
 Blink                    Tloc           N/A          85%         2    ###....
 Call Imp                 Summ           #.......     85%         2    ###....
 Slow                     Hex            #.......     85%         2    ###....
 Conjure Flame            Conj/Fire      #.......     97%         3    ####...
 Inner Flame              Hex/Fire       #.......     97%         3    ####...
 Mephitic Cloud           Conj/Pois/Air  #.......     97%         3    ####...
 Portal Projectile        Hex/Tloc       #.....       97%         3    ####...
 Vampiric Draining        Necr           #.........   97%         3    ####...
 Cause Fear               Hex            #.........   100%        4    #####..
 Leda's Liquefaction      Hex/Erth       #.........   100%        4    #####..
 Agony                    Necr           #.......     100%        5    ######.
 Excruciating Wounds      Chrm/Necr      #.........   100%        5    ######.
 Iron Shot                Conj/Erth      #.........   100%        6    #######


Dungeon Overview and Level Annotations

Branches:
Dungeon (8/15)             Temple (1/1) D:6
   Lair: D:8-11

Altars:
Ashenzari
Cheibriados
Dithmenos
Elyvilon
Fedhas
Gozag
Hepliaklqana
Kikubaaqudgha
Makhleb
Nemelex Xobeh
Okawaru
Qazlal
Ru
Uskayaw
Vehumet
Wu Jian
Xom
Yredelemnul
Zin
The Shining One

Shops:
D:5 *   D:8 *

Annotations:
D:3 !phantoms 2x
D:5 Edmund
D:6 exclusions: downstairs and upstairs
D:7 exclusion: 2 upstairs


Message History

The acid dragon claws you but does no damage.
The orc priest calls down the wrath of Beogh upon you.
Beogh smites you!
* * * LOW HITPOINT WARNING * * *
The bullfrog closely misses you. The acid dragon spits acid at you.
The splash of acid hits you!
* * * LOW HITPOINT WARNING * * *
The acid corrodes you!
You are splashed with acid!
* * * LOW HITPOINT WARNING * * *
The bullfrog hits you.
* * * LOW HITPOINT WARNING * * *
You are confused.
You feel invigorated. The orc hits you with a +0 hand axe.
* * * LOW HITPOINT WARNING * * *
The bullfrog hits you.
* * * LOW HITPOINT WARNING * * *
The acid dragon misses you. The acid dragon claws you.
You die...
Your body crumbles into a pile of gold.

###..#.##.........
.....................##
..............<#.....##
......##............##
.........#...........#
.................#....#
......lo.....#...##....#
.......8Fo∩..8...###....
$
.......o.@...#.....#..[
........Do...#........
........o......##..##..
....#..........##..#...
... #................>?
.....>.................
....(........#.......
...##.........#....#..
...#..........#..###


You could see an acid dragon, a bullfrog, an orc priest, an orc wizard, 3 orcs
and a leopard gecko.

Vanquished Creatures
  A deep elf knight (Bailey)
  10 deep elf magi (Bailey)
  A hungry ghost (D:8)
  2 ice beasts
  A phantom (D:6)
  A sky beast (D:5)
  An orc warrior (D:6)
  An ogre (D:7)
  A centaur (D:5)
  A big kobold (D:7)
  A bullfrog (D:6)
  A scorpion (D:7)
  An orc priest (D:7)
  2 hounds
  A jelly (D:6)
  4 orc wizards
  A worker ant (D:7)
  2 hound zombies
  5 gnolls
  6 adders
  3 shadow imps
  An adder zombie (D:7)
  4 worms (D:2)
  A dart slug (D:1)
  7 leopard geckos
  26 orcs
  2 ball pythons
  6 bats
  3 giant cockroaches
  6 goblins
  6 hobgoblins
  9 jackals
  5 kobolds
  6 quokkas
  3 frilled lizards
  A leopard gecko skeleton (D:4)
  A quokka skeleton (D:4)
  6 rats
140 creatures vanquished.

Vanquished Creatures (collateral kills)
  3 gnolls
  An adder (D:5)
  An orc (D:7)
5 creatures vanquished.

Vanquished Creatures (others)
  A black bear (D:7)
  A gnoll shaman (D:5)
2 creatures vanquished.

Grand Total: 147 creatures vanquished

Notes
Turn   | Place    | Note
-------+----------+-------------------------------------------
     0 | D:1      | H0rd4k the Human Artificer began the quest for the Orb.
     0 | D:1      | Reached XP level 1. HP: 15/15 MP: 3/3
    69 | D:1      | Reached XP level 2. HP: 18/21 MP: 4/4
  1002 | D:2      | Reached XP level 3. HP: 21/26 MP: 5/5
  1658 | D:2      | Reached skill level 1 in Armour
  1693 | D:2      | Reached XP level 4. HP: 8/32 MP: 6/6
  3216 | D:3      | Found a sacrificial altar of Ru.
  3223 | D:3      | Reached skill level 2 in Short Blades
  3223 | D:3      | Reached XP level 5. HP: 33/37 MP: 7/7
  3776 | D:4      | Noticed a phantom
  3936 | D:4      | Found a shimmering altar of Xom.
  3936 | D:4      | Found a hide-covered altar of Uskayaw.
  4418 | D:4      | Noticed a phantom
  4875 | D:5      | Entered Level 5 of the Dungeon
  4947 | D:5      | Found Zuhirghi's Assorted Antiques.
  5048 | D:5      | Found an iron altar of Okawaru.
  5065 | D:5      | Reached XP level 6. HP: 43/43 MP: 8/8
  5139 | D:5      | Identified the +5 scale mail "Seblotewi" {Dex+7}
  5168 | D:5      | Reached skill level 3 in Short Blades
  5426 | D:5      | Found a basalt altar of Yredelemnul.
  5624 | D:5      | Noticed a sky beast
  5634 | D:5      | Killed a sky beast
  5881 | D:5      | Reached XP level 7. HP: 16/50 MP: 8/10
  6328 | D:5      | Reached skill level 4 in Short Blades
  6334 | D:6      | Noticed Edmund
  6844 | D:6      | Found a shattered altar of Ashenzari.
  6956 | D:6      | Found a staircase to the Ecumenical Temple.
  6965 | D:6      | Reached XP level 8. HP: 54/57 MP: 11/11
  6972 | D:6      | Reached skill level 5 in Short Blades
  7035 | D:6      | Found a stormy altar of Qazlal.
  7695 | D:7      | Found a flagged portal.
  7816 | Bailey   | Entered a bailey
  7825 | Bailey   | Noticed a deep elf mage
  7831 | Bailey   | Killed a deep elf mage
  7831 | Bailey   | Reached skill level 6 in Short Blades
  7831 | Bailey   | Reached XP level 9. HP: 32/64 MP: 12/12
  7992 | Bailey   | Noticed a deep elf mage
  7993 | Bailey   | Noticed a deep elf mage
  7993 | Bailey   | Noticed a deep elf mage
  7994 | Bailey   | Killed a deep elf mage
  7994 | Bailey   | Reached skill level 7 in Short Blades
  7994 | Bailey   | Reached skill level 5 in Evocations
  7997 | Bailey   | Killed a deep elf mage
  7997 | Bailey   | Noticed a deep elf mage
  8000 | Bailey   | Noticed a deep elf mage
  8006 | Bailey   | Killed a deep elf mage
  8006 | Bailey   | Reached skill level 8 in Short Blades
  8006 | Bailey   | Reached skill level 5 in Armour
  8008 | Bailey   | Killed a deep elf mage
  8008 | Bailey   | Reached XP level 10. HP: 21/72 MP: 14/14
  8016 | Bailey   | Killed a deep elf mage
  8296 | Bailey   | Noticed a deep elf mage
  8306 | Bailey   | Killed a deep elf mage
  8306 | Bailey   | Reached skill level 9 in Short Blades
  8306 | Bailey   | Reached skill level 5 in Dodging
  8372 | Bailey   | Noticed a deep elf mage
  8451 | Bailey   | Killed a deep elf mage
  8690 | Bailey   | Noticed a deep elf knight
  8702 | Bailey   | Killed a deep elf knight
  8721 | Bailey   | Identified the Almanac of Evil Arts and Confrontation
  8746 | Bailey   | Noticed a deep elf mage
  8747 | Bailey   | Noticed a deep elf mage
  8763 | Bailey   | Killed a deep elf mage
  8763 | Bailey   | Reached skill level 5 in Stealth
  8814 | Bailey   | Killed a deep elf mage
  8814 | Bailey   | Reached XP level 11. HP: 78/78 MP: 16/16
  9129 | D:7      | Reached skill level 10 in Short Blades
  9452 | Temple   | Entered the Ecumenical Temple
  9555 | Temple   | Became a worshipper of Gozag Ym Sagoz the Greedy
  9593 | D:8      | Found Upsol's Assorted Antiques.
  9642 | D:8      | Identified a scroll of acquirement
  9645 | D:8      | HP: 2/78 [bullfrog (3)]
  9646 | D:8      | Slain by an acid dragon

Skill      XL: |  1  2  3  4  5  6  7  8  9 10 11 |
---------------+----------------------------------+-----
Armour         | 1 2 3 5 6 |  6.5
Short Blades   | 2 3 4 6 8 9 10 | 10.0
Dodging        | 3 4 5 |  5.5
Fighting       | 2 3 4 |  4.9
Stealth        | 2 3 4 5 |  5.5
Evocations     | 4 5 6 |  6.9

Action                   |  1- 3 |  4- 6 |  7- 9 | 10-12 || total
-------------------------+-------+-------+-------+-------++-------
Melee: Short sword       |   136 |   248 |    85 |       ||   469
       Dagger            |       |       |   120 |   115 ||   235
Evoke: Wand              |     5 |    18 |    21 |     2 ||    46
  Use: Potion            |       |     3 |     3 |     5 ||    11
       Scroll            |       |     6 |       |     7 ||    13
 Stab: Sleeping          |     1 |     1 |       |       ||     2
       Distracted        |       |     1 |       |     2 ||     3
       Paralysed         |       |     1 |     1 |       ||     2
       Confused          |       |       |     2 |       ||     2
       Invisible         |       |       |       |     3 ||     3
  Eat: Chunk             |     2 |    13 |     3 |     3 ||    21
       Ration            |       |       |     1 |     2 ||     3
Armor: Leather armour    |    41 |    52 |       |       ||    93
       Scale mail        |       |       |    82 |    44 ||   126
Dodge: Dodged            |   115 |   160 |    87 |    64 ||   426
